 Dungeon Crawl Stone Soup version 0.21-a0-591-g2314aa1 (webtiles) character file.

49811 torrenera the Nimble (level 13, 0/113 HPs)
             Began as a Demigod Fire Elementalist on Dec 22, 2017.
             Slain by an eight-headed hydra (9 damage)
             ... on level 6 of the Lair of Beasts.
             The game lasted 01:15:14 (25866 turns).

torrenera the Nimble (Demigod Fire Elementalist)   Turns: 25866, Time: 01:15:16

Health: 0/113      AC: -4    Str: 11    XL:     13   Next: 82%
Magic:  20/28      EV: 20    Int: 35    God:
Gold:   1193       SH:  0    Dex: 16    Spells: 6/26 levels left

rFire    . . .     SeeInvis .   K - +4 scimitar (venom)
rCold    . . .     Gourm    .   (no shield)
rNeg     . . .     Faith    .   a - +0 robe
rPois    +         Spirit   .   D - +2 hat
rElec    .         Reflect  .   H - +2 cloak {+Inv}
rCorr    .         Harm     .   G - +0 pair of gloves of Marbles {Int+2} (curse)
MR       +....                  (no boots)
Stlth    ++........             (no amulet)
HPRegen  0.28/turn              l - ring of poison resistance
MPRegen  0.21/turn              Y - +6 ring of intelligence

@: corroded
A: high mp 1
a: Evoke Invisibility


You were on level 6 of the Lair of Beasts.
You were not hungry.

You visited 2 branches of the dungeon, and saw 18 of its levels.
You also visited: Ice Cave.

You collected 1193 gold pieces.

Inventory:

Hand Weapons
 K - a +4 scimitar of venom (weapon)
 L - a +0 blowgun
Missiles
 g - 4 curare-tipped needles
 M - 54 poisoned needles
Armour
 a - a +0 robe (worn)
 D - a +2 hat (worn)
 G - the cursed +0 pair of gloves of Marbles (worn) {Int+2}
   (You found it on level 12 of the Dungeon)

   It affects your intelligence (+2).
   It has a curse placed upon it.
 H - a +2 cloak of invisibility (worn)
Magical Staves
 y - an uncursed staff of fire {unknown}
Jewellery
 l - a ring of poison resistance (left hand)
 n - an uncursed ring of resist corrosion
 Y - a +6 ring of intelligence (right hand)
Wands
 e - a wand of acid (10)
 j - a wand of flame (32)
 m - a wand of scattershot (5)
 E - a wand of iceblast (7)
 R - a wand of digging (35)
 V - a wand of paralysis (35)
 X - a wand of polymorph (7)
Scrolls
 i - 14 scrolls of identify
 o - 2 scrolls of enchant weapon
 q - a scroll of holy word {unknown}
 t - 3 scrolls of blinking
 u - 3 scrolls of magic mapping
 v - 2 scrolls of teleportation
 F - 7 scrolls of fog
 I - 7 scrolls of remove curse
 J - a scroll of acquirement {unknown}
Potions
 d - 4 potions of curing
 f - 2 potions of ambrosia
 k - 2 potions of invisibility
 p - 2 potions of resistance
 r - 3 potions of flight
 w - 3 potions of heal wounds
 x - a potion of mutation
 z - 8 potions of haste
 A - 2 potions of berserk rage
 B - a potion of might {unknown}
 C - 5 potions of agility
 O - 2 potions of lignification
 P - 2 potions of cancellation
 Q - 4 potions of brilliance
 U - 2 potions of magic
Books
 b - a book of the Tempests

   Spells                             Type                      Level
   a - Static Discharge               Conjuration/Air              3
   b - Lightning Bolt                 Conjuration/Air              5
   c - Ignition                       Fire                         8
   d - Tornado                        Air                          9
   e - Shatter                        Earth                        9
 s - a book of Clouds

   Spells                             Type                      Level
   a - Poisonous Vapours              Poison/Air                   2
   b - Mephitic Cloud                 Conjuration/Poison/Air       3
   c - Conjure Flame                  Conjuration/Fire             3
   d - Freezing Cloud                 Conjuration/Ice/Air          6
   e - Ring of Flames                 Charms/Fire                  7
Miscellaneous
 Z - a lamp of fire
Comestibles
 c - 40 rations


   Skills:
 - Level 10.1 Fighting
 - Level 10.9 Dodging
 - Level 1.7 Stealth
 - Level 7.3 Spellcasting
 + Level 9.5 Conjurations
 + Level 10.3 Fire Magic
 * Level 8.7 Evocations


You had 6 spell levels left.
You knew the following spells:

 Your Spells              Type           Power        Failure   Level  Hunger
a - Flame Tongue          Conj/Fire      #####        1%          1    None
b - Throw Flame           Conj/Fire      ######       1%          2    None
c - Conjure Flame         Conj/Fire      ######..     1%          3    None
d - Sticky Flame          Conj/Fire      ######..     1%          4    None
e - Fireball              Conj/Fire      ######....   1%          5    ####...
f - Animate Skeleton      Necr           N/A          3%          1    None
g - Apportation           Tloc           ##....       3%          1    None
h - Ozocubu's Armour      Chrm/Ice       ##......     10%         3    None


Dungeon Overview and Level Annotations

Branches:
Dungeon (12/15)            Temple (0/1) D:7            Lair (6/6) D:11
 Shoals (0/4) Lair:3        Slime (0/5) Lair:5          Orc (0/2) D:9
  Snake: Lair:2-4    Spider: Lair:2-4

Shops:
D:6 *(

Annotations:
D:3 Grinder
D:10 NormalPerson7's ghost, novice TrWz
Lair:3 anything's ghost, journeyman HaCK
Lair:6 exclusion: 3 oklob plants


Innate Abilities, Weirdness & Mutations

You have an increased reservoir of magic. (+10% MP)


Message History

An eight-headed hydra comes into view.
An eight-headed hydra is nearby!
Casting: Fireball
Confirm with . or Enter, or press ? or * to list all spells.
Aiming: Sticky Flame
Press: ? - help, Shift-Dir - straight line, f - eight-headed hydra
Aim: an eight-headed hydra The sticky flame hits the eight-headed hydra.
The eight-headed hydra is lightly wounded.
The eight-headed hydra is covered in liquid flames!
The eight-headed hydra burns!
The eight-headed hydra misses you. The eight-headed hydra bites you!
The eight-headed hydra bites you.
* * * LOW HITPOINT WARNING * * *
The eight-headed hydra bites you!
* * * LOW HITPOINT WARNING * * *
The eight-headed hydra bites you!
* * * LOW HITPOINT WARNING * * *
The eight-headed hydra barely misses you.
The eight-headed hydra bites you!
You die...

#............ ..................
#...........................###.P
#................##+...##...###P.
#..#....####....###..P.###.#..PPP
#..##.P...#......#..##.#.........
#.###......#.............+.#.....
........[.#.....#........#.......
#........##............#...+.+...
........###....D@......P.#P.#....
..P.(#..##......##..#......P##...
.†#...#...##....##...#.##...#..#.
.................................
#................................
#................................
.................................
#..P.#.###....#.....#..P#....##..
....#### ##......####.###....#.#P


You could see an eight-headed hydra (burning).

Vanquished Creatures
  2 entropy weavers
  The ghost of Megalobster the Grappler, a journeyman TrMo of Nemelex Xobeh (Lair:2)
  6 hydras
  Erica (D:9)
  4 two-headed ogres
  A queen ant (Lair:5)
  2 unseen horrors
  Pikel (D:5)
  The ghost of anet the Magician, a novice DEWz of Ashenzari (D:6)
  An oklob plant (Lair:6)
  An ugly thing (D:12)
  3 elephants
  5 black mambas
  5 gargoyles (D:9)
  2 torpor snails
  A centaur skeleton (D:11)
  6 komodo dragons
  15 spiny frogs
  3 rime drakes
  A troll (D:9)
  3 polar bears
  A hornet (D:10)
  4 dream sheep (Lair:4)
  5 hippogriffs
  15 blink frogs
  A vampire (D:11)
  2 wyverns
  A wraith (D:10)
  39 yaks
  3 hungry ghosts
  4 basilisks
  5 soldier ants (Lair:5)
  An acid dragon (D:12)
  Edmund (D:5)
  17 water moccasins
  Duvessa (D:5)
  An orc warrior (D:7)
  13 porcupines
  2 slaves (D:5)
  2 ice beasts
  2 sky beasts
  A black bear (D:11)
  5 ogres
  23 wolves
  8 centaurs
  16 crocodiles
  3 big kobolds
  17 bullfrogs
  Dowan (D:5)
  5 scorpions
  6 killer bees (D:12)
  6 wights
  4 electric eels
  A centaur zombie (D:10)
  5 crimson imps
  5 hounds
  A quasit (D:11)
  6 jellies
  2 orc priests
  Crazy Yiuf (D:5)
  2 orc wizards
  A bullfrog skeleton (D:4)
  Terence (D:3)
  4 iguanas
  12 worker ants
  2 hound zombies
  A howler monkey zombie (D:5)
  4 gnolls (D:4)
  9 adders
  3 shadow imps
  5 oozes (D:8)
  An adder zombie (D:5)
  2 adder skeletons
  A worm (D:2)
  2 dart slugs (D:1)
  6 leopard geckos
  31 orcs
  2 ball pythons (D:3)
  7 giant cockroaches
  5 goblins
  2 hobgoblins (D:3)
  3 jackals (D:10)
  23 kobolds
  4 quokkas
  10 bats
  3 frilled lizards
  A leopard gecko zombie (D:5)
  A quokka zombie (D:6)
  6 rats
  A plant (D:11)
456 creatures vanquished.

Vanquished Creatures (collateral kills)
  Harold (D:12)
1 creature vanquished.

Vanquished Creatures (others)
  2 kobolds (D:9)
  16 fungi
  29 plants
47 creatures vanquished.

Grand Total: 504 creatures vanquished

Notes
Turn   | Place    | Note
-------+----------+-------------------------------------------
     0 | D:1      | torrenera the Demigod Fire Elementalist began the quest for the Orb.
     0 | D:1      | Reached XP level 1. HP: 14/14 MP: 5/5
   227 | D:1      | Reached XP level 2. HP: 20/20 MP: 0/7
   971 | D:2      | Learned a level 2 spell: Throw Flame
  1077 | D:2      | Reached XP level 3. HP: 21/26 MP: 5/8
  1148 | D:2      | Found a sacrificial altar of Ru.
  1171 | D:2      | Found a glowing golden altar of the Shining One.
  1964 | D:3      | Noticed a sky beast
  1971 | D:3      | Killed a sky beast
  1971 | D:3      | Reached skill level 5 in Fire Magic
  1971 | D:3      | Reached XP level 4. HP: 10/33 MP: 2/9
  2184 | D:3      | Learned a level 3 spell: Conjure Flame
  2270 | D:3      | Noticed Grinder
  2387 | D:3      | Noticed Terence
  2403 | D:3      | Killed Terence
  2403 | D:3      | Reached XP level 5. HP: 30/38 MP: 2/10
  2570 | D:3      | Found a hazy altar of Hepliaklqana.
  2748 | D:4      | Found a shadowy altar of Dithmenos.
  2791 | D:4      | Noticed an ogre
  2798 | D:4      | Killed an ogre
  2798 | D:4      | Reached XP level 6. HP: 45/45 MP: 8/12
  3517 | D:4      | Learned a level 4 spell: Sticky Flame
  3809 | D:5      | Entered Level 5 of the Dungeon
  3849 | D:5      | Noticed Edmund
  3865 | D:5      | Killed Edmund
  3865 | D:5      | Reached skill level 1 in Conjurations
  3865 | D:5      | Reached XP level 7. HP: 37/50 MP: 6/15
  4194 | D:5      | Noticed Pikel
  4203 | D:5      | Killed Pikel
  4203 | D:5      | Reached skill level 5 in Spellcasting
  4243 | D:5      | Found a runed door.
  4275 | D:5      | Reached XP level 8. HP: 57/57 MP: 12/19
  4386 | D:5      | Learned a level 5 spell: Fireball
  4483 | D:5      | Noticed Dowan
  4660 | D:5      | Noticed Duvessa
  4666 | D:5      | Killed Duvessa
  4669 | D:5      | Killed Dowan
  4776 | D:5      | Found an ancient bone altar of Kikubaaqudgha.
  4873 | D:5      | Got a slimy helmet
  4884 | D:5      | Identified the cursed -3 helmet of the Blind Marksman {Str+3} (You found it on level 5 of the Dungeon)
  5027 | D:5      | Noticed Crazy Yiuf
  5034 | D:5      | Killed Crazy Yiuf
  5079 | D:6      | Found Buatin's Weapon Emporium.
  5082 | D:6      | Noticed anet's ghost (novice DEWz)
  5506 | D:6      | Killed anet's ghost
  5506 | D:6      | Reached skill level 5 in Conjurations
  5963 | D:6      | Found a shimmering altar of Xom.
  6058 | D:6      | Found a basalt altar of Yredelemnul.
  6164 | D:6      | Found Rely's General Store.
  6371 | D:7      | Reached XP level 9. HP: 49/62 MP: 1/20
  6645 | D:7      | Found a staircase to the Ecumenical Temple.
  7300 | D:8      | Noticed a two-headed ogre
  7311 | D:8      | Killed a two-headed ogre
  8524 | D:9      | Found a radiant altar of Vehumet.
  8555 | D:9      | Learned a level 1 spell: Animate Skeleton
  8557 | D:9      | Learned a level 1 spell: Apportation
  8591 | D:9      | Noticed Erica
  8606 | D:9      | Killed Erica
  8606 | D:9      | Reached XP level 10. HP: 60/77 MP: 10/22
  8725 | D:9      | Found a staircase to the Orcish Mines.
  9116 | D:9      | Noticed a two-headed ogre
  9125 | D:9      | Killed a two-headed ogre
  9349 | D:9      | Reached skill level 5 in Fighting
 10021 | D:10     | Entered Level 10 of the Dungeon
 10429 | D:10     | Noticed NormalPerson7's ghost (novice TrWz)
 10741 | D:10     | Noticed an unseen horror
 10747 | D:10     | Noticed a two-headed ogre
 10748 | D:10     | Killed an unseen horror
 10765 | D:10     | Killed a two-headed ogre
 10914 | D:10     | Reached XP level 11. HP: 83/92 MP: 19/26
 12520 | D:11     | Identified Sif Muna's Papyrus of Nocuous Changing
 12970 | D:11     | Found a staircase to the Lair.
 13237 | D:11     | Reached skill level 10 in Fighting
 13871 | D:12     | Noticed a two-headed ogre
 13879 | D:12     | Killed a two-headed ogre
 13879 | D:12     | Reached skill level 1 in Evocations
 14091 | D:12     | Noticed a six-headed hydra
 14095 | D:12     | Killed a six-headed hydra
 14289 | D:12     | Found a frozen archway.
 14297 | D:12     | Noticed Harold
 14302 | D:12     | Killed Harold
 14411 | IceCv    | Entered an ice cave
 14411 | IceCv    | Noticed teukkam's ghost (journeyman GnWn)
 14563 | D:12     | Got a pair of smoking gloves
 14569 | D:12     | Identified the cursed +0 pair of gloves of Marbles {Int+2} (You found it on level 12 of the Dungeon)
 14665 | D:12     | Noticed an unseen horror
 14667 | D:12     | Killed an unseen horror
 14837 | Lair:1   | Entered Level 1 of the Lair of Beasts
 15130 | Lair:1   | Reached skill level 5 in Dodging
 15373 | Lair:1   | Reached XP level 12. HP: 46/106 MP: 20/27
 15873 | Lair:1   | Reached skill level 5 in Evocations
 16207 | Lair:1   | Got a faintly glowing rapier
 16210 | Lair:1   | Identified the +5 rapier of Extinguishment {antimagic, Str+6} (You found it on level 1 of the Lair of Beasts)
 16556 | Lair:2   | Noticed Megalobster's ghost (journeyman TrMo)
 18233 | Lair:3   | Noticed anything's ghost (journeyman HaCK)
 18242 | Lair:3   | Got a pitted rapier
 18243 | Lair:3   | Identified the +3 rapier "Lulaxuy" {flame, *Noise rC+ Int+2} (You found it on level 3 of the Lair of Beasts)
 18289 | Lair:3   | Found a staircase to the Shoals.
 18496 | Lair:2   | Killed Megalobster's ghost
 18655 | Lair:2   | Learned a level 3 spell: Ozocubu's Armour
 18822 | Lair:3   | Noticed a four-headed hydra
 18866 | Lair:3   | Killed a four-headed hydra
 19080 | Lair:3   | Found a stormy altar of Qazlal.
 19528 | Lair:4   | Noticed a four-headed hydra
 19560 | Lair:4   | Noticed an eight-headed hydra
 19563 | Lair:4   | Killed an eight-headed hydra
 19712 | Lair:4   | Killed a four-headed hydra
 21193 | Lair:5   | Found a viscous altar of Jiyva.
 21202 | Lair:5   | Found a staircase to the Slime Pits.
 21227 | Lair:5   | Reached XP level 13. HP: 111/113 MP: 15/28
 21264 | Lair:5   | Reached skill level 10 in Dodging
 21499 | Lair:5   | Noticed an entropy weaver
 21599 | Lair:5   | Noticed an entropy weaver
 21606 | Lair:5   | Killed an entropy weaver
 22866 | Lair:6   | Entered Level 6 of the Lair of Beasts
 24481 | Lair:6   | Reached skill level 10 in Fire Magic
 24884 | Lair:6   | Killed an entropy weaver
 25866 | Lair:6   | Slain by an eight-headed hydra

Vault maps used:
D:1:      dpeg_arrival_oval, nrook_mini_backslash
D:2:      lemuel_doored_altar, tso_metal_star
D:3:      old_standard_altar, uniq_terence, uniq_grinder
D:4:      first_ration, grunt_dithmenos_smoke
D:5:      kiku_gazebo_garden_becter, grunt_decor_one_mirror, uniq_duvessa,
          uniq_crazy_yiuf_cottage, uniq_edmund, uniq_pikel
D:6:      nicolae_overflow_hidden_temple, lemuel_round_altar, serial_shops,
          shop_statue, kennysheep_mini, minmay_misc_feat_five
D:7:      minmay_temple_entry_enclosed_plants
D:8:      hangedman_little_slice_of_home
D:9:      cheibrodos_statue_roulette, fiery_altar_vehumet, orc_0_dummy,
          uniq_erica
D:11:     minmay_lair_entry_grove
D:12:     portal_ice_cave_rime, nicolae_looking_at_the_future, uniq_harold
Lair:1:   infiniplex_staircase_pool
Lair:2:   nicolae_spider_entry_tight_spaces, grunt_megastairs_1
Lair:3:   elwin_shoals_entry_rooms, basic_altar, grunt_megastairs_3,
          lemuel_fruit_tree
Lair:4:   minivault_27
Lair:5:   slime_altar_1, wad_woods_antlair
Lair:6:   evilmike_catoblepas_cave, minmay_lair_oklob_chamber,
          grunt_megastairs_4
IceCv:    ice_cave_small_giant

Skill      XL: |  1  2  3  4  5  6  7  8  9 10 11 12 13 |
---------------+----------------------------------------+-----
Fire Magic     | 3 5 6 7 8 9 10 | 10.3
Spellcasting   | 2 3 5 7 |  7.3
Conjurations   | 1 2 5 8 9 |  9.5
Fighting       | 3 7 10 | 10.1
Dodging        | 5 9 10 | 10.9
Evocations     | 4 7 8 |  8.7
Stealth        | |  1.7

Action                   |  1- 3 |  4- 6 |  7- 9 | 10-12 | 13-15 || total
-------------------------+-------+-------+-------+-------+-------++-------
Melee: Short sword       |     2 |       |       |       |       ||     2
       Falchion          |       |       |    20 |     2 |       ||    22
       Dagger            |       |       |     9 |       |       ||     9
       Scimitar          |       |       |       |   157 |    78 ||   235
 Fire: Hunting sling     |    36 |    96 |   152 |    95 |       ||   379
       Blowgun           |       |       |     5 |     2 |       ||     7
Throw: Stone             |       |       |       |     7 |       ||     7
 Cast: Flame Tongue      |    62 |    45 |   134 |   148 |     8 ||   397
       Conjure Flame     |       |     3 |     4 |     3 |     1 ||    11
       Sticky Flame      |       |       |    15 |   142 |   111 ||   268
       Throw Flame       |       |       |    10 |   125 |    70 ||   205
       Fireball          |       |       |     6 |    32 |     5 ||    43
       Animate Skeleton  |       |       |       |     1 |       ||     1
Evoke: Wand              |       |       |     2 |     3 |       ||     5
  Use: Scroll            |       |    12 |     9 |    13 |     2 ||    36
       Potion            |       |       |       |     1 |       ||     1
 Stab: Sleeping          |     1 |       |       |       |       ||     1
  Eat: Chunk             |     4 |     6 |    15 |    43 |    17 ||    85
       Ration            |       |       |     2 |     2 |       ||     4
Armor: Robe              |    10 |     6 |    55 |   110 |    30 ||   211
Dodge: Dodged            |    32 |    19 |    89 |   315 |   229 ||   684
       Rpst.: Falchion   |       |       |     2 |     1 |       ||     3
       Scimitar          |       |       |       |    74 |    69 ||   143

Table legend:
 A = Spawn XP
 B = Non-spawn XP
 C = Spawn XP percentage of total XP
 D = Spawn monster count
 E = Non-spawn monster count
 F = Spawn count percentage of total count
 G = Total turns spent on level
                    A         B        C        D         E        F      G
               +---------+---------+-------+---------+---------+-------+---------
         Total |       0 |   71159 |   0.0 |       0 |     454 |   0.0 | 25866
               +---------+---------+-------+---------+---------+-------+---------
           D:1 |       0 |      41 |   0.0 |       0 |      22 |   0.0 |   959
           D:2 |       0 |      38 |   0.0 |       0 |      15 |   0.0 |   936
           D:3 |       0 |     243 |   0.0 |       0 |      15 |   0.0 |   845
           D:4 |       0 |     448 |   0.0 |       0 |      21 |   0.0 |  1069
           D:5 |       0 |    1359 |   0.0 |       0 |      16 |   0.0 |  1445
           D:6 |       0 |     973 |   0.0 |       0 |      17 |   0.0 |  1105
           D:7 |       0 |     774 |   0.0 |       0 |      18 |   0.0 |   666
           D:8 |       0 |    1824 |   0.0 |       0 |      23 |   0.0 |  1412
           D:9 |       0 |    4685 |   0.0 |       0 |      28 |   0.0 |  1894
          D:10 |       0 |    2940 |   0.0 |       0 |      23 |   0.0 |  1529
          D:11 |       0 |    6487 |   0.0 |       0 |      52 |   0.0 |  2172
          D:12 |       0 |    5368 |   0.0 |       0 |      22 |   0.0 |  1060
        Lair:1 |       0 |    3649 |   0.0 |       0 |      18 |   0.0 |  2106
        Lair:2 |       0 |    5587 |   0.0 |       0 |      30 |   0.0 |   993
        Lair:3 |       0 |    5187 |   0.0 |       0 |      22 |   0.0 |  1462
        Lair:4 |       0 |    5343 |   0.0 |       0 |      16 |   0.0 |  1770
        Lair:5 |       0 |    8513 |   0.0 |       0 |      41 |   0.0 |  2400
        Lair:6 |       0 |   17700 |   0.0 |       0 |      55 |   0.0 |  2039
               +---------+---------+-------+---------+---------+-------+---------
